[Event "*** Titled Tuesday Blitz"]
[Site "Chess.com"]
[Date "2021.02.16"]
[Round "10"]
[White "tteshan"]
[Black "ehrenfeld"]
[Result "0-1"]
[WhiteElo "2348"]
[BlackElo "2479"]
[TimeControl "180+1"]
[EndTime "11:58:25 PST"]
[Termination "ehrenfeld won by resignation"]

1. e4 e5 2. Nf3 Nc6 3. Bb5 a6 4. Ba4 Nf6 5. O-O Be7 6. Re1 b5 7. Bb3 d6 8. c3 O-O 9. h3 Na5 10. Bc2 c5 11. d4 Qc7 12. Be3 Nc4 13. b3 Nxe3 14. fxe3 a5 15. a4 b4 16. cxb4 cxb4 17. Nbd2 Ba6 18. Rc1 Rac8 19. Nh4 g6 20. Qf3 Qb6 21. Qf2 Rc3 22. Bb1 Rfc8 23. Rcd1 Nh5 24. Nhf3 Qc7 25. g4 Ng7 26. Qg3 Ne6 27. dxe5 dxe5 28.
Qxe5 Bd6 29. Qf6 Be7 30. Qe5 Nc5 31. Qxc7 Rxc7 32. Nd4 Bg5 33. Nf1 Bh4 34. Kg2 Bxe1 35. Rxe1 Nxb3 36. Nxb3 Bxf1+ 37. Rxf1 Rxb3 38. e5 Rxe3 39. Rf2 b3 0-1

[Event "*** Titled Tuesday Blitz"]
[Site "Chess.com"]
[Date "2021.02.16"]
[Round "10"]
[White "dpopadic"]
[Black "Guzman70"]
[Result "1-0"]
[WhiteElo "2361"]
[BlackElo "2240"]
[TimeControl "180+1"]
[EndTime "11:58:25 PST"]
[Termination "dpopadic won by checkmate"]

1. e4 c5 2. Nc3 Nc6 3. f4 e6 4. Nf3 Nf6 5. Bb5 Nd4 6. d3 a6 7. Bc4 b5 8. Bb3 Nxb3 9. axb3 Bb7 10. O-O d5 11. e5 Nd7 12. Qe1 Be7 13. f5 exf5 14. e6 fxe6 15. Qxe6 Qb6 16. Qxf5 c4+ 17. Kh1 Rf8 18. Qh5+ Qg6 19. Qxg6+ hxg6 20. Re1 cxb3 21.
cxb3 Nc5 22. Bg5 Rf7 23. Ne5 Rf5 24. Bxe7 Kxe7 25. b4 Nb3 26. Ra3 Kd6 27. Nf3 Rxf3 28. gxf3 Nd4 29. Rf1 Rh8 30. Raa1 Nf5 31. Kg1 Ke5 32.
Rae1+ Kd4 33. Ne2+ Kxd3 34. Nf4+ Kc4 35. Rc1+ Kxb4 36.
Rc7 Bc8 37. Nxd5+ Ka5 38. Ra1# 1-0

[Event "*** Titled Tuesday Blitz"]
[Site "Chess.com"]
[Date "2021.02.16"]
[Round "10"]
[White "cstevens1"]
[Black "Spriteball"]
[Result "1-0"]
[WhiteElo "2612"]
[BlackElo "2377"]
[TimeControl "180+1"]
[EndTime "11:58:26 PST"]
[Termination "cstevens1 won by checkmate"]

1. e4 e5 2. Nf3 Nc6 3. Bb5 a6 4. Ba4 Nf6 5. d3 b5 6. Bb3 Be7 7. O-O O-O 8. a4 b4 9. a5 d6 10. h3 Be6 11. Nbd2 Qc8 12. Nc4 Rd8 13. Ng5 d5 14.
Nxe6 fxe6 15. Nd2 Nd4 16. Ba2 c5 17. c3 bxc3 18. bxc3 Nb5 19. Qc2 d4 20. Bb2 dxc3 21. Bxc3 Nd4 22. Qd1 Kh8 23. Nc4 Qc7 24. Nb6 Rab8 25.
Bxd4 cxd4 26. Bxe6 Bb4 27. Bc4 Bxa5 28. Rxa5 Rxb6 29.
Rxa6 Rxa6 30. Bxa6 Rb8 31. Qf3 Qd7 32. Bc4 h6 33.
Qg3 Qe7 34. Qg6 Rb2 35. f4 exf4 36. Rxf4 Qe5 37. Rf5 Rb1+ 38. Kf2 Rb2+ 39. Kf1 Rb1+ 40. Ke2 Rb2+ 41. Kd1 Qb8 42. Rxf6 Rb1+ 43. Ke2 Qb2+ 44. Kf3 Rf1+ 45. Kg3 Rxf6 46. Qe8+ Kh7 47. Bg8+ Kh8 48. Bf7+ Kh7 49. Qg8# 1-0

[Event "*** Titled Tuesday Blitz"]
[Site "Chess.com"]
[Date "2021.02.16"]
[Round "10"]
[White "AlexNovitz"]
[Black "Yaacovn"]
[Result "1-0"]
[WhiteElo "2204"]
[BlackElo "2698"]
[TimeControl "180+1"]
[EndTime "11:58:26 PST"]
[Termination "AlexNovitz won by resignation"]

1. e4 c6 2. d4 d5 3. exd5 cxd5 4. c4 Nf6 5. Nc3 e6 6. c5 Be7 7. Nf3 Ne4 8. Bd3 f5 9. O-O b6 10. Bb5+ Bd7 11. Qa4 bxc5 12. dxc5 Nxc5 13. Qd4 O-O 14. Bf4 Bxb5 15. Nxb5 a6 16. Nc7 Ra7 17. b4 Nc6 18. Qc3 Nxb4 19. Qxb4 Rxc7 20. Bxc7 Qxc7 21. Rac1 Qd6 22. Qd2 Ne4 23. Qa5 Bf6 24. Rfd1 h6 25. Nd4 Bxd4 26. Rxd4 Qf4 27. Rf1 Qe5 28. Rdd1 Nc3 29.
Rde1 Ne2+ 30. Kh1 f4 31. Qxa6 f3 32. gxf3 1-0

[Event "*** Titled Tuesday Blitz"]
[Site "Chess.com"]
[Date "2021.02.16"]
[Round "10"]
[White "vaishali2001"]
[Black "GadimbayliA"]
[Result "1-0"]
[WhiteElo "2620"]
[BlackElo "2819"]
[TimeControl "180+1"]
[EndTime "11:58:27 PST"]
[Termination "vaishali2001 won by resignation"]

1. e4 e5 2. Nf3 d5 3. exd5 e4 4. Qe2 Nf6 5. d3 Bb4+ 6. c3 O-O 7. dxe4 Bd6 8. Qc2 Nxe4 9. Bd3 f5 10. O-O Nd7 11.
Nbd2 Ndc5 12. Nxe4 fxe4 13. Bxe4 Nxe4 14. Qxe4 Bf5 15.
Qh4 Be7 16. Bg5 Bxg5 17. Qxg5 Qxd5 18. Rfe1 Rae8 19. b3 h6 20. Qg3 Qc5 21. Nd4 Bd7 22. h3 a5 23. Rxe8 Rxe8 24. Rd1 Re7 25. Kh2 Be8 26.
Rd3 Bf7 27. Re3 Rd7 28. Re5 Qb6 29. Nf5 Qf6 30. Ne3 b6 31. Ng4 Qd6 32. Re3 Qxg3+ 33.
Rxg3 Rd2 34. Nxh6+ Kf8 35. Nxf7 Kxf7 36. Rf3+ Ke7 37.
a4 Kd6 38. h4 Rb2 39. c4 Kc5 40. h5 Kb4 41. g4 c6 42. g5 Rd2 43. Kg3 Rd4 44.
Rf4 Rd6 45. Rf3 Rd4 46. Rf4 Rd6 47. g6 Kxb3 48. Rf7 Kxa4 49. Rxg7 b5 50. cxb5 cxb5 51.
h6 Rd3+ 52. Kg2 Rd5 53. h7 Rh5 54. Rg8 1-0

[Event "*** Titled Tuesday Blitz"]
[Site "Chess.com"]
[Date "2021.02.16"]
[Round "10"]
[White "Iskusnyh"]
[Black "ClydeHillKid"]
[Result "1-0"]
[WhiteElo "2608"]
[BlackElo "2396"]
[TimeControl "180+1"]
[EndTime "11:58:27 PST"]
[Termination "Iskusnyh won by checkmate"]

1. d4 d5 2. c4 e6 3. Nf3 Nf6 4.
g3 Be7 5. Bg2 O-O 6. O-O Nbd7 7.
Qc2 c5 8. cxd5 Nxd5 9. Nc3 cxd4 10.
Nxd5 exd5 11. Nxd4 Bf6 12. Be3 Ne5 13. Rad1 Be6 14. Qb3 Qd7 15. Nxe6 fxe6 16. Bh3 Nc4 17. Qxc4 Qf7 18. Qg4 Rae8 19. Bc5 Be7 20. Bxe7 Rxe7 21. Rd3 e5 22. Rf3 Qe8 23. Rd1 Rxf3 24. Qxf3 d4 25.
Qe4 g6 26. Rc1 Qf7 27. b3 Kg7 28. Bg2 b6 29. Bf3 h5 30. h4 Rc7 31. Rxc7 Qxc7 32.
Qb7 Qxb7 33. Bxb7 Kf6 34. Be4 g5 35. hxg5+ Kxg5 36. Kg2 h4 37. Kh3 hxg3 38. fxg3 a5 39. a4 Kh5 40. g4+ Kg5 41. Kg3 Kf6 42. Kh4 Ke6 43.
g5 Kd6 44. g6 Kc5 45. g7 Kb4 46. g8=Q Kc3 47. Qc4+ Kb2 48. b4 d3 49. Bxd3 Ka3 50. bxa5 bxa5 51. Qb5 e4 52. Bc2 Ka2 53. Qb3+ Ka1 54.
Qa3# 1-0

[Event "*** Titled Tuesday Blitz"]
[Site "Chess.com"]
[Date "2021.02.16"]
[Round "10"]
[White "MasterMK73"]
[Black "dosto07"]
[Result "1-0"]
[WhiteElo "2280"]
[BlackElo "2404"]
[TimeControl "180+1"]
[EndTime "11:58:27 PST"]
[Termination "MasterMK73 won by resignation"]

1. e4 e5 2. Nc3 Nf6 3. g3 d5 4. exd5 Nxd5 5. Bg2 Nxc3 6. bxc3 Bc5 7. Ne2 O-O 8. O-O Nc6 9. Rb1 Bb6 10. d3 Be6 11. c4 Qd7 12. Be3 Rab8 13. Nc3 Bh3 14. Nd5 Bxg2 15.
Kxg2 Bxe3 16. fxe3 Ne7 17. e4 c6 18. Ne3 b6 19. Nf5 Nxf5 20. Rxf5 f6 21. Qf3 c5 22. Rf1 Qa4 23. Rf2 Qxa2 24. g4 h6 25. h4 Qa1 26.
g5 Qc1 27. gxf6 Rxf6 28. Rxf6 gxf6 29. Qxf6 Qe3 30. Qg6+ Kh8 31. Qf6+ Kg8 32. Qxe5 Rd8 33.
Qe6+ Kh7 34. Qe7+ Kg6 35. Rf6+ Kh5 36. Qe5+ Kxh4 37. Rf4+ Qxf4 38. Qxf4+ Kh5 39. Qf5+ Kh4 40. Qf6+ 1-0

[Event "*** Titled Tuesday Blitz"]
[Site "Chess.com"]
[Date "2021.02.16"]
[Round "10"]
[White "lagedema"]
[Black "shaheus"]
[Result "1-0"]
[WhiteElo "2567"]
[BlackElo "2426"]
[TimeControl "180+1"]
[EndTime "11:58:28 PST"]
[Termination "lagedema won on time"]

1. e4 c5 2. Nf3 Nc6 3. Bb5 g6 4. Bxc6 dxc6 5. h3 Bg7 6. d3 e5 7.
Be3 b6 8. a4 Qe7 9. a5 Rb8 10.
axb6 axb6 11. Na3 Be6 12. O-O h6 13. Qd2 f5 14. Qe2 f4 15. Bd2 g5 16. Bc3 Qc7 17.
b4 cxb4 18. Bxb4 Ne7 19. Nc4 c5 20. Bc3 Nc6 21. Rfb1 O-O 22. Nfd2 Nd4 23. Bxd4 exd4 24. Ra6 Bxc4 25. Nxc4 b5 26. Nd6 Rf6 27. e5 Re6 28.
Qg4 Rxe5 29. Ne4 c4 30. Rba1 Kh7 31. Qh5 Rf8 32. Qg6+ Kh8 33. Ra7 Rf6 34. Nxf6 1-0

[Event "*** Titled Tuesday Blitz"]
[Site "Chess.com"]
[Date "2021.02.16"]
[Round "10"]
[White "Stewie_89"]
[Black "Sokoloco"]
[Result "1-0"]
[WhiteElo "2609"]
[BlackElo "2461"]
[TimeControl "180+1"]
[EndTime "11:58:29 PST"]
[Termination "Stewie_89 won on time"]

1. e4 g6 2. Nc3 Bg7 3. f4 d6 4. Nf3 c5 5. Bc4 Nc6 6. d3 e6 7. O-O Nge7 8. a4 O-O 9. Ba2 Nb4 10. Bb3 d5 11. Qe2 d4 12. Nb5 a6 13. Na3 b6 14.
Bd2 a5 15. Nb5 Bb7 16. g4 Kh8 17. Rae1 f5 18. Bxb4 fxe4 19. Ng5 exd3 20. Qxe6 Nd5 21. Nd6 Qf6 22. Bxd5 Qxe6 23. Bxe6 axb4 24. Ngf7+ Kg8 25.
cxd3 Ba6 26. Rf3 Ra7 27. f5 gxf5 28. gxf5 Bf6 29. Re4 Rfxf7 30. Nxf7 Rxf7 31. Rh3 Kf8 32. Bxf7 Kxf7 33. Rxh7+ Kg8 34. Ra7 1-0

[Event "*** Titled Tuesday Blitz"]
[Site "Chess.com"]
[Date "2021.02.16"]
[Round "10"]
[White "BvsN"]
[Black "eldur16"]
[Result "0-1"]
[WhiteElo "2354"]
[BlackElo "2492"]
[TimeControl "180+1"]
[EndTime "11:58:30 PST"]
[Termination "eldur16 won by resignation"]

1. c4 e5 2. Nc3 d6 3. g3 Be6 4.
Bg2 Nc6 5. Nd5 Qd7 6. e3 Nd8 7. Ne2 c6 8. Ndc3 Bxc4 9. d3 Be6 10. O-O Bh3 11. f4 Bxg2 12. Kxg2 Nf6 13. fxe5 dxe5 14.
Qc2 Be7 15. Bd2 h5 16. h3 Ne6 17. Ne4 O-O-O 18. Nf2 Nc5 19. Nc1 Kb8 20. b4 Ne6 21. Bc3 Bd6 22. Nb3 Nd5 23. Qd2 f6 24. Ne4 Be7 25.
a4 Nxc3 26. Qxc3 Qxd3 27. Qxd3 Rxd3 28. Nbc5 Nxc5 29. Nxc5 Bxc5 30. bxc5 Rxe3 31. Rf2 Rd8 32. Rb1 Red3 33. Rbb2 Kc8 34. g4 hxg4 35. hxg4 R8d4 36. Rb1 Rxg4+ 37. Kf1 Rxa4 38. Rfb2 Rd7 39. Rb3 Rc4 40. Ra3 a6 41. Rh3 Rxc5 42. Rb2 Rcd5 43. Ke2 f5 44. Rh8+ Kc7 45. Ke3 Rd3+ 46. Ke2 e4 47. Ra8 Rg3 48. Kf1 f4 49. Ra7 Rd1+ 50. Kf2 e3+ 51. Ke2 Rg2+ 52.
Kxd1 Rxb2 0-1

[Event "*** Titled Tuesday Blitz"]
[Site "Chess.com"]
[Date "2021.02.16"]
[Round "10"]
[White "MuhittinBuker"]
[Black "rugbyclub"]
[Result "1-0"]
[WhiteElo "2089"]
[BlackElo "2268"]
[TimeControl "180+1"]
[EndTime "11:58:30 PST"]
[Termination "MuhittinBuker won by checkmate"]

1. d4 Nf6 2. c4 g6 3. Nc3 Bg7 4. e4 d6 5. Nf3 O-O 6. Be2 e5 7.
O-O Nc6 8. d5 Ne7 9. Ne1 Nd7 10.
Nd3 f5 11. Bd2 Nf6 12. f3 f4 13. c5 g5 14. cxd6 cxd6 15. Nf2 Ng6 16. Qc2 h5 17. h3 Rf7 18. Rfc1 Bf8 19. Nb5 Ne8 20. a4 Rg7 21. Be1 a6 22. Na3 Rb8 23. a5 Nf6 24. Qd1 g4 25. hxg4 hxg4 26. fxg4 Nh7 27. Nc4 Qg5 28. Nb6 Bd7 29. Nxd7 Rxd7 30. Ra3 Nh4 31. Rac3 Nf6 32. Nh3 Qg6 33. Bxh4 Nxe4 34. Rc8 Rxc8 35. Rxc8 Rh7 36. Be1 Ng3 37. Bxg3 fxg3 38. Bf3 Qh6 39. Qe1 Rf7 40. Qxg3 Qe3+ 41. Kh2 Kg7 42. g5 Be7 43. Qh4 Kg6 44. Rg8+ Kf5 45. Qg4# 1-0

[Event "*** Titled Tuesday Blitz"]
[Site "Chess.com"]
[Date "2021.02.16"]
[Round "10"]
[White "ckgchess"]
[Black "azikom"]
[Result "1/2-1/2"]
[WhiteElo "2761"]
[BlackElo "2657"]
[TimeControl "180+1"]
[EndTime "11:58:31 PST"]
[Termination "Game drawn by repetition"]

1. e4 e5 2. Nc3 Nc6 3. g3 Bc5 4. Bg2 d6 5. Nge2 Nf6 6. d3 O-O 7. O-O Nd4 8. h3 Nxe2+ 9. Qxe2 c6 10. Kh2 Re8 11. f4 h6 12. f5 d5 13. g4 dxe4 14.
Nxe4 Nxe4 15. Bxe4 f6 16. h4 Be7 17. Rg1 Bd7 18. g5 fxg5 19. hxg5 Bxg5 20. Bxg5 hxg5 21. Qh5 Qf6 22. Rxg5 Re7 23. Rag1 Be8 24. Rg6 Rd8 25. Qh3 Bxg6 26. Rxg6 Qf8 27. f6 Rf7 28. Qe6 Rd6 29.
fxg7 Qd8 30. Qxd6 Qh4+ 31. Kg1 Qe1+ 32. Kh2 Qh4+ 33. Kg1 Qe1+ 34. Kh2 Qh4+ 1/2-1/2

[Event "*** Titled Tuesday Blitz"]
[Site "Chess.com"]
[Date "2021.02.16"]
[Round "10"]
[White "NiranjanNavalgund"]
[Black "stepakyedael"]
[Result "1-0"]
[WhiteElo "2457"]
[BlackElo "2332"]
[TimeControl "180+1"]
[EndTime "11:58:31 PST"]
[Termination "NiranjanNavalgund won on time"]

1. d4 Nf6 2. c4 g6 3. Nc3 Bg7 4.
e4 d6 5. Bd3 O-O 6. Nge2 Na6 7.
O-O e5 8. d5 Nc5 9. Bc2 a5 10.
Rb1 Ne8 11. b3 f5 12. exf5 gxf5 13. f4 e4 14. a3 Qe7 15. b4 axb4 16. axb4 Na6 17.
Be3 Nf6 18. h3 b6 19. Nd4 Bd7 20. Qe1 Nh5 21. Kh2 Bf6 22. g3 Kh8 23. Bd1 Qg7 24.
Bxh5 Bxd4 25. Nd1 Rg8 26. Bxd4 Qxd4 27. Qc3 Qxc3 28. Nxc3 Kg7 29. g4 fxg4 30. hxg4 Kh6 31. Kg3 Rg7 32. Kh4 Re7 33. f5 Rg8 34. Rbe1 e3 35.
f6 Re5 36. f7 Rf8 37. g5+ Kg7 38. Rf3 Nxb4 39. Rfxe3 Nd3 40. Rxe5 Nxe5 41. Re4 Bf5 42. Rf4 Bg6 43. Nb5 Bxh5 44. Kxh5 Ng6 45. Rf5 Rc8 46. Nd4 Nf8 47. Ne6+ Nxe6 48. dxe6 Kf8 49. g6 hxg6+ 50. Kxg6 c6 51. Kf6 Rc7 52. Rh5 1-0

[Event "*** Titled Tuesday Blitz"]
[Site "Chess.com"]
[Date "2021.02.16"]
[Round "10"]
[White "Kislov_Oleg"]
[Black "TokChess"]
[Result "1-0"]
[WhiteElo "2542"]
[BlackElo "2399"]
[TimeControl "180+1"]
[EndTime "11:58:32 PST"]
[Termination "Kislov_Oleg won by resignation"]

1. d4 d5 2. Nc3 e6 3. e4 Nf6 4.
Bg5 Be7 5. e5 Nfd7 6. Bxe7 Qxe7 7. f4 b6 8. Nf3 Ba6 9. Bxa6 Nxa6 10. O-O O-O 11. f5 exf5 12. Nxd5 Qe6 13. Nf4 Qh6 14.
g3 c6 15. Qd3 Nb4 16. Qxf5 Rad8 17. c3 Nd5 18. Nxd5 cxd5 19. Rae1 Rfe8 20. Ng5 f6 21. Nf7 Kxf7 22. e6+ Kf8 23. exd7 Rxe1 24. Rxe1 Qg6 25. Qe6 Qf7 26. Qd6+ Kg8 27. Re7 Qh5 28. Re8+ Rxe8 29. Qxd5+ Kf8 30. Qxh5 1-0

[Event "*** Titled Tuesday Blitz"]
[Site "Chess.com"]
[Date "2021.02.16"]
[Round "10"]
[White "andrzej"]
[Black "Klavdia_Nik"]
[Result "1-0"]
[WhiteElo "2291"]
[BlackElo "2047"]
[TimeControl "180+1"]
[EndTime "11:58:32 PST"]
[Termination "andrzej won on time"]

1. e4 g6 2. Nc3 Bg7 3. Bc4 c5 4. d3 Nc6 5. f4 d6 6. Nf3 Rb8 7.
O-O e6 8. Qe1 a6 9. a4 Nge7 10. f5 exf5 11. Bg5 h6 12. Bxe7 Nxe7 13. exf5 Bxf5 14. Nd5 Be6 15. Nh4 Bxd5 16. Bxd5 O-O 17. Bb3 Bxb2 18. Rb1 Bd4+ 19. Kh1 d5 20. c3 Bg7 21. d4 c4 22. Bc2 b5 23. Qg3 Rb6 24. Rbe1 Nc8 25. a5 Rd6 26. Nf3 1-0

[Event "*** Titled Tuesday Blitz"]
[Site "Chess.com"]
[Date "2021.02.16"]
[Round "10"]
[White "KruHor"]
[Black "korkmaz16"]
[Result "1/2-1/2"]
[WhiteElo "2511"]
[BlackElo "2391"]
[TimeControl "180+1"]
[EndTime "11:58:34 PST"]
[Termination "Game drawn by repetition"]

1. e4 e6 2. d4 d5 3. Nc3 Nf6 4.
Bg5 Be7 5. Bxf6 Bxf6 6. Nf3 dxe4 7. Nxe4 Kf8 8. Qd2 b6 9. O-O-O Bb7 10. Qf4 Nc6 11. h4 Nb4 12. Bc4 Nd5 13. Qd2 h6 14. g4 Be7 15. g5 h5 16. Ne5 Bd6 17. f4 Qe7 18. Rhf1 g6 19. Bxd5 Bxd5 20. Nf6 Bxa2 21.
d5 exd5 22. Nxd5 Qe6 23. Nc3 Rd8 24. Qd4 Be7 25. Nxg6+ fxg6 26. Qxh8+ Kf7 27. Qh7+ Kf8 28. Rde1 Qf7 29. Qh8+ Qg8 30. Qh6+ Kf7 31. Nxa2 Bf8 32. f5 Bxh6 33. fxg6+ Kxg6 34. Rf6+ Kh7 35. Rxh6+ Kg7 36. Ree6 Qf7 37. Rhf6 Qd7 38. Nc3 Qd2+ 39. Kb1 Rd6 40.
Re7+ Kg8 41. Re8+ Kg7 42. Re7+ Kg8 43. Re8+ Kg7 44. Re7+ 1/2-1/2

[Event "*** Titled Tuesday Blitz"]
[Site "Chess.com"]
[Date "2021.02.16"]
[Round "10"]
[White "Manukyan_Artak"]
[Black "TregubovP"]
[Result "0-1"]
[WhiteElo "2413"]
[BlackElo "2558"]
[TimeControl "180+1"]
[EndTime "11:58:37 PST"]
[Termination "TregubovP won on time"]

1. e4 e6 2. d4 d5 3. e5 c5 4. c3 Nc6 5. Nf3 Qb6 6. a3 Bd7 7. b4 cxd4 8. cxd4 Rc8 9. Bb2 Nh6 10. Nc3 Na5 11. Na4 Qc6 12. bxa5 Qxa4 13. Qxa4 Bxa4 14.
Bd3 Be7 15. h3 Kd7 16. Kd2 a6 17. Rhc1 Bb5 18. Bxb5+ axb5 19. Rxc8 Rxc8 20. Bc3 Rc4 21. Rb1 Kc6 22. Bb4 Bxb4+ 23. axb4 Nf5 24. Kd3 h5 25. Rb2 Kd7 26. h4 f6 27. g3 Ke7 28.
exf6+ gxf6 29. Rb1 Kd6 30. Rb2 e5 31. dxe5+ fxe5 32. Nd2 e4+ 33. Ke2 Rc3 34. Nb3 Rxb3 35. Rxb3 Nd4+ 36. Ke3 Nxb3 37. f3 Ke5 38. g4 d4+ 39. Kf2 e3+ 40. Ke2 hxg4 41. fxg4 Nc1+ 42. Kd1 e2+ 43. Kd2 Kf4 44. g5 Kf3 45. g6 Kf2 46. g7 e1=Q+ 47. Kc2 d3+ 48. Kb2 Qxb4+ 49. Kxc1 Qb3 0-1

[Event "*** Titled Tuesday Blitz"]
[Site "Chess.com"]
[Date "2021.02.16"]
[Round "10"]
[White "Atco84"]
[Black "Chesspirate_Channel"]
[Result "1-0"]
[WhiteElo "2444"]
[BlackElo "2315"]
[TimeControl "180+1"]
[EndTime "11:58:38 PST"]
[Termination "Atco84 won on time"]

1. b3 d5 2. Bb2 Nc6 3. Nf3 Bg4 4. e3 Qd7 5. h3 Bh5 6. g4 Bg6 7. Bb5 f6 8. d4 h5 9. Rg1 hxg4 10. hxg4 a6 11. Bd3 Bf7 12. a3 O-O-O 13. Nbd2 Re8 14.
Qe2 e5 15. Bf5 Be6 16. Bxe6 Qxe6 17. dxe5 fxe5 18. O-O-O Be7 19. b4 Nh6 20. g5 Nf5 21. Nb3 g6 22. b5 axb5 23. Qxb5 Rd8 24. Na5 Nxa5 25. Qxa5 Kd7 26. Nxe5+ Ke8 27. Nxg6 Qxg6 28. Bxh8 b6 29. Qa4+ c6 30. Bf6 Rd6 31.
e4 Bxf6 32. gxf6 Qh6+ 33. Kb1 1-0

[Event "*** Titled Tuesday Blitz"]
[Site "Chess.com"]
[Date "2021.02.16"]
[Round "10"]
[White "Danfii"]
[Black "Andrakhanova"]
[Result "1-0"]
[WhiteElo "2420"]
[BlackElo "2275"]
[TimeControl "180+1"]
[EndTime "11:58:39 PST"]
[Termination "Danfii won by resignation"]

1. e4 c5 2. Nf3 e6 3. d4 cxd4 4. Nxd4 Nf6 5. Nc3 Nc6 6. Ndb5 d6 7. Bf4 e5 8. Bg5 a6 9. Na3 b5 10. Nd5 Be7 11. Bxf6 Bxf6 12. c4 b4 13. Nc2 a5 14.
Qf3 O-O 15. h4 Be6 16. Rd1 Rb8 17. b3 Bxd5 18. Rxd5 Nd4 19. Nxd4 exd4 20. Bd3 Re8 21. g3 a4 22. O-O axb3 23. axb3 Qe7 24. Qf4 Be5 25.
Qg4 g6 26. h5 Bg7 27. Ra1 Ra8 28. Rxa8 Rxa8 29. Rb5 Ra3 30. Rxb4 Ra1+ 31. Kg2 Re1 32. Rb8+ Bf8 33. h6 Ra1 34. Qf4 Rd1 35. Be2 Re1 36.
Bf3 d3 37. Qd2 Rxe4 38. Bxe4 Qxe4+ 39. Kg1 f5 40. Qc3 Qe5 41. Qxd3 f4 42. Qd5+ Qxd5 43. cxd5 Kf7 44. b4 Bxh6 45. b5 fxg3 46. fxg3 Be3+ 47. Kg2 Kf6 48. b6 Bxb6 49. Rxb6 Ke5 50. Rb7 Kxd5 51. Rxh7 1-0

[Event "*** Titled Tuesday Blitz"]
[Site "Chess.com"]
[Date "2021.02.16"]
[Round "10"]
[White "ljuks68"]
[Black "Mr_Sinigami"]
[Result "0-1"]
[WhiteElo "2420"]
[BlackElo "2665"]
[TimeControl "180+1"]
[EndTime "11:58:43 PST"]
[Termination "Mr_Sinigami won by resignation"]

1. e4 d5 2. exd5 Nf6 3. d4 Nxd5 4. c4 Nb6 5. Nf3 g6 6. c5 Nd5 7. Nc3 Bg7 8. Bc4 c6 9. O-O O-O 10. Re1 b6 11. Bxd5 cxd5 12. b4 Bg4 13. Be3 bxc5 14. bxc5 Nc6 15. Qa4 Rc8 16. Rab1 Bxf3 17. gxf3 e5 18.
dxe5 Nxe5 19. Kg2 Nxf3 20. Kxf3 d4 21. Bf4 dxc3 22. Bd6 Qg5 23. Bxf8 Bxf8 24. c6 Qf6+ 25. Qf4 Qxc6+ 26. Qe4 Qa6 27. Rb7 Qxa2 28. Rc1 c2 29.
Qg4 Qd5+ 30. Qe4 Qxe4+ 31. Kxe4 Ba3 0-1

[Event "*** Titled Tuesday Blitz"]
[Site "Chess.com"]
[Date "2021.02.16"]
[Round "10"]
[White "MF1966Idrisov"]
[Black "grandcoach"]
[Result "1-0"]
[WhiteElo "2353"]
[BlackElo "2229"]
[TimeControl "180+1"]
[EndTime "11:58:43 PST"]
[Termination "MF1966Idrisov won on time"]

1. Nf3 c5 2. b3 Nc6 3. Bb2 d6 4. d4 cxd4 5. Nxd4 e5 6. Nxc6 bxc6 7. g3 Nf6 8. Bg2 Qc7 9. O-O Be7 10. c4 O-O 11. Nc3 Rd8 12. Rc1 Bg4 13. Qd2 Rab8 14. h3 Be6 15. Rfd1 Qb7 16. Kh2 d5 17. cxd5 cxd5 18.
Na4 Ne4 19. Qe3 Bg5 20. f4 exf4 21. gxf4 Bh4 22. Bxe4 dxe4 23. Nc5 Qe7 24. f5 Bxf5 25. Qf4 Bg6 26. Rd7 Qg5 27. Qxg5 Bxg5 28. Rcd1 Rxd7 29. Rxd7 Bf4+ 30. Kg2 h5 31. Rxa7 Be3 32. Rc7 Rb5 33.
Nd7 Rg5+ 34. Kh1 Bf2 35. Rc8+ Kh7 36. Nf8+ Kh6 37. Bc1 e3 38. Kh2 Be4 39. h4 Rg2+ 40. Kh3 1-0

[Event "*** Titled Tuesday Blitz"]
[Site "Chess.com"]
[Date "2021.02.16"]
[Round "10"]
[White "CraiggoryC"]
[Black "onetowin"]
[Result "1-0"]
[WhiteElo "2209"]
[BlackElo "2015"]
[TimeControl "180+1"]
[EndTime "11:58:43 PST"]
[Termination "CraiggoryC won by resignation"]

1. e4 b6 2. d4 Bb7 3. Bd3 e6 4. Ne2 Nf6 5. Nbc3 c5 6. dxc5 Bxc5 7. O-O d5 8. e5 Nfd7 9. Bf4 Nc6 10. Ng3 Ndxe5 11.
Bxe5 Nxe5 12. Bb5+ Bc6 13. Re1 Bxb5 14. Rxe5 Qd6 15.
Rg5 Bxf2+ 16. Kxf2 Qf4+ 17. Qf3 Qxg5 18. Nxb5 O-O 19.
Kg1 a6 20. Nd4 Rac8 21. c3 e5 22. Ndf5 e4 23. Qe2 g6 24. Ne3 Rfd8 25. Rd1 f5 26. Nxd5 f4 27. Nxe4 Qh5 28. Nef6+ Kf7 29. Nxh5 gxh5 30.
Qxh5+ 1-0

[Event "*** Titled Tuesday Blitz"]
[Site "Chess.com"]
[Date "2021.02.16"]
[Round "10"]
[White "Kapitan_Bayan"]
[Black "francyIM"]
[Result "0-1"]
[WhiteElo "2484"]
[BlackElo "2677"]
[TimeControl "180+1"]
[EndTime "11:58:46 PST"]
[Termination "francyIM won by checkmate"]

1. d4 f5 2. e4 fxe4 3. Nc3 Nf6 4. Bg5 d6 5. f3 e3 6. Bxe3 Bf5 7. Bd3 Bxd3 8. Qxd3 Qd7 9. Nge2 Nc6 10. O-O e5 11.
Rfe1 Be7 12. d5 Nb4 13. Qd2 O-O 14. a3 Na6 15. b4 c6 16. Rad1 Nc7 17. dxc6 bxc6 18.
Ne4 Nxe4 19. fxe4 a5 20. c4 axb4 21. axb4 Qe6 22. Rc1 Qg6 23. Ng3 Bh4 24. Nf5 Bxe1 25.
Rxe1 Qe6 26. Qxd6 Qxd6 27. Nxd6 Ne6 28. Nf5 Rf7 29. b5 cxb5 30. cxb5 Rb7 31. b6 Rd8 32. Rc1 Nd4 33. Rc7 Rxb6 34. Nxg7 Rb1+ 35. Kf2 Rf8+ 36. Kg3 Rb3 37. Nh5 Rxe3+ 38. Kh4 Rxe4+ 39. g4 Nf5+ 40. Kg5 h6+ 41. Kg6 Rxg4# 0-1

[Event "*** Titled Tuesday Blitz"]
[Site "Chess.com"]
[Date "2021.02.16"]
[Round "10"]
[White "Balla_Tamas"]
[Black "ARTHURMOTIVATOR"]
[Result "1-0"]
[WhiteElo "2453"]
[BlackElo "2329"]
[TimeControl "180+1"]
[EndTime "11:58:46 PST"]
[Termination "Balla_Tamas won by resignation"]

1. b3 e5 2. Bb2 Nc6 3. e3 Nf6 4. Bb5 Bd6 5. Na3 a6 6. Be2 O-O 7. Nc4 Qe7 8. Nxd6 cxd6 9. d3 d5 10. Nf3 d6 11. O-O Bg4 12. c4 dxc4 13. dxc4 Ne4 14. Nxe5 dxe5 15. Bxg4 Rad8 16. Qc2 f5 17. Bxf5 Nd2 18. Bxh7+ Kh8 19. Rfd1 Nb4 20. Qc1 Kxh7 21. Rxd2 Nd3 22. Qc2 e4 23. Bd4 Qg5 24. Rxd3 exd3 25.
Qxd3+ Kg8 26. Rd1 Rd6 27. Qe4 Rg6 28. Qxb7 Qf5 29. Qd5+ Qxd5 30. cxd5 Rd8 31. e4 a5 32. f3 Ra6 33. Bc5 a4 34. b4 a3 35. e5 Raa8 36. e6 Re8 37. Kf2 Rad8 38. Ke2 Kh7 39. Rd3 Kg6 40. b5 Ra8 41. Bxa3 Rac8 42. Rd2 Rc4 43.
b6 Ra4 44. Bc5 Ra6 45. b7 Ra4 46. Rb2 Rc4 47. b8=Q Rxb8 48. Rxb8 Rxc5 49. e7 Rxd5 50. e8=Q+ 1-0

[Event "*** Titled Tuesday Blitz"]
[Site "Chess.com"]
[Date "2021.02.16"]
[Round "10"]
[White "profofchess"]
[Black "Supernotar"]
[Result "0-1"]
[WhiteElo "2439"]
[BlackElo "2734"]
[TimeControl "180+1"]
[EndTime "11:58:52 PST"]
[Termination "Supernotar won by resignation"]

1. e4 c6 2. Nf3 d5 3. Nc3 Bg4 4. d4 dxe4 5. Nxe4 Nd7 6. h3 Bh5 7. Qe2 e6 8. Bf4 Ndf6 9. O-O-O Nxe4 10. Qxe4 Bg6 11. Qe5 Nf6 12. Bc4 Be7 13. h4 h6 14. h5 Bh7 15. g4 Nd5 16. Bxd5 cxd5 17. g5 hxg5 18. h6 Bf6 19. hxg7 Rg8 20. Qe2 Rxg7 21.
Be5 Rc8 22. Rd2 Bxe5 23. Nxe5 Qa5 24. a3 Qc7 25. Qh5 Bxc2 26. Qh8+ Ke7 27. Qxg7 Bd3+ 0-1

[Event "*** Titled Tuesday Blitz"]
[Site "Chess.com"]
[Date "2021.02.16"]
[Round "10"]
[White "ChessWarrior7197"]
[Black "Krakozia"]
[Result "1/2-1/2"]
[WhiteElo "2966"]
[BlackElo "2852"]
[TimeControl "180+1"]
[EndTime "11:58:53 PST"]
[Termination "Game drawn - insufficient material"]

1. e4 e5 2. Nf3 Nc6 3. Bb5 Nf6 4. O-O Nxe4 5. d4 Nd6 6. Bxc6 dxc6 7. dxe5 Nf5 8.
Qxd8+ Kxd8 9. h3 Ke8 10. Nc3 h5 11. Bf4 Be7 12. Rad1 Be6 13. Ng5 Rh6 14. Rfe1 Bb4 15. a3 Bxc3 16. bxc3 h4 17. g4 hxg3 18. fxg3 Ne7 19.
h4 Kf8 20. Bc1 Re8 21. Rf1 Kg8 22. Rd4 Rh5 23. Nxe6 fxe6 24. Bg5 Ng6 25. Rd7 Nxe5 26. Rxc7 b5 27. Rxa7 Rh7 28. a4 g6 29. Rxh7 Kxh7 30. a5 Ra8 31. Ra1 Ra6 32. Kf2 Nc4 33. Bd8 Kg7 34.
g4 e5 35. Kf3 Kf7 36. h5 gxh5 37. gxh5 Ra8 38. Bg5 Rxa5 39. Rxa5 Nxa5 40. Ke4 Nc4 41. Kf5 Kg7 42. Bf6+ Kh6 43. Kg4 Ne3+ 44. Kh4 Nxc2 45. Be7 e4 46. Bg5+ Kh7 47. Kg4 c5 48. Kf4 e3 49.
Kf3 b4 50. cxb4 cxb4 51. Bxe3 Nxe3 52. Kxe3 Kh6 53. Kd3 Kxh5 54. Kc4 b3 55. Kxb3 1/2-1/2